 Dungeon Crawl Stone Soup version 0.32-a0-630-g46d191b0ed (webtiles) character file.

Game seed: 12952842350305741199

94 mopl the Ruffian (level 4, -4/32 HPs)
             Began as a Djinni Shapeshifter on Mar 6, 2024.
             Slain by an orc
             ... wielding a +0 hand axe
              (6 damage)
             ... on level 3 of the Dungeon.
             The game lasted 00:01:46 (1512 turns).

mopl the Ruffian (Djinni Shapeshifter)              Turns: 1512, Time: 00:01:46

Health: -4/32      AC:  2    Str: 15    XL:     4   Next: 94%
Gold:   212        EV: 12    Int: 12    God:
                   SH:  0    Dex: 12

rFire   + +          .
                       - Unarmed
rCold   x . .        (no shield)
rNeg    . . .        a - +0 animal skin
rPois   ∞            (helmet currently unavailable)
rElec   .            (cloak currently unavailable)
rCorr   .            (gloves currently unavailable)
SInv    .            (boots unavailable)
Will    .....        (no amulet)
Stlth   +            (no ring)
HPRegen 0.25/turn    (no ring)
MPRegen 0.00/turn

%: infuse magic (-5 HP)
@: beast-form, flying, studying Staves
A: beast (slay +2), flying, sickness immunity, fire resistance 2, cold
vulnerability 1, float, innate caster, HP casting, extra vitality 1
a: Begin Untransformation


You were on level 3 of the Dungeon.
You were a hulking beast.
You visited 1 branch of the dungeon, and saw 3 of its levels.

You collected 212 gold pieces.

Inventory:

Missiles
 i - 4 poisoned darts (quivered)
 k - 4 boomerangs
Armour
 a - a +0 animal skin (worn)
Talismans
 c - a beast talisman (active)
 d - a flux talisman
Scrolls
 f - a scroll of identify
 g - a scroll of blinking {unknown}
Potions
 b - 2 potions of lignification {!q}
 e - a potion of brilliance
 h - a potion of berserk rage {!q}
 j - a potion of haste


   Skills:
 - Level 1.0 Fighting
 - Level 2.1 Dodging
 + Level 4.2 Unarmed Combat
 + Level 3.7 Shapeshifting


You knew the following spells:

 Your Spells              Type           Power      Damage    Failure   Level
a - Necrotise             Necr           0%         1d4       32%         1
Your spell library was empty.

Dungeon Overview and Level Annotations

Branches:
Dungeon (3/15)

Altars:


Innate Abilities, Weirdness & Mutations

You are a hulking beast.
Your limbs bulge with bestial killing power. (Slay +2)
You are flying.
You are immune to sickness and miasma.
You are immune to poison.
Your flesh is very heat resistant. (rF++)
You are vulnerable to cold. (rC-)
You float through the air rather than walking.
You learn spells naturally, not from books.
Your magical power is your life essence.
You have superior vitality. (+4 MHP)


Message History

The orc hits the fungus with a +0 hand axe.
The fungus begins to die.
You are too injured to fight recklessly!
You are too injured to fight recklessly!
You are too injured to fight recklessly!
You are too injured to fight recklessly!
You are too injured to fight recklessly!
You are too injured to fight recklessly!
You are too injured to fight recklessly!
You are too injured to fight recklessly!
You are too injured to fight recklessly!
You are too injured to fight recklessly!
You are too injured to fight recklessly!
You are too injured to fight recklessly!
You are too injured to fight recklessly!
You are too injured to fight recklessly!
You are too injured to fight recklessly!
Things that are here:
a +0 whip; a kobold corpse A nearby plant withers and dies.
The orc hits you but does no damage.
The orc hits the plant with a +0 flail.
The plant begins to die.
A nearby fungus withers and dies.
The orc attacks as it pursues you! The orc barely misses you.
The orc attacks as it pursues you! The orc hits you with a +0 whip.
A nearby plant withers and dies.
The orc attacks as it pursues you! The orc hits you with a +0 hand axe!
* * * LOW HITPOINT WARNING * * *
Something hits the plant.
The plant begins to die.
You hit the orc.
The orc is heavily wounded.
The orc hits you with a +0 hand axe.
* * * LOW HITPOINT WARNING * * *
You closely miss the orc.
The orc is heavily wounded.
The orc closely misses you.
You barely miss the orc.
The orc is heavily wounded.
The orc hits you with a +0 hand axe.
You die...

# #####. ###. ###
#....###.<.. ..#
#.......# ## #.#
#P....PP##.# #.#
..#..†P)...P# #.#
..._.P.....Po# #.#
P..#.$....Poo####.# ..
#...PP..##h....########
P
#......P#..............
#....###.#...#.########
#####. #.##.##.#
#.##.<..# .####..#
#.......# ######.## #.#


You could see 3 orcs.

Vanquished Creatures
  3 adders (D:2)
  4 dart slugs
  3 ball pythons (D:1)
  6 bats
  2 bat skeletons (D:2)
  A bat zombie (D:2)
  An endoplasm (D:1)
  2 giant cockroaches
  5 goblins
  9 hobgoblins
  4 jackals (D:2)
  3 kobolds
  A quokka (D:2)
  A ball python skeleton (D:2)
  A ball python zombie (D:2)
  5 frilled lizards (D:1)
  A giant cockroach zombie (D:2)
  A quokka skeleton (D:2)
  3 rats
56 creatures vanquished.

Notes
Turn   | Place    | Note
-------+----------+-------------------------------------------
     0 | D:1      | mopl the Djinni Shapeshifter began the quest for the Orb.
     0 | D:1      | Reached XP level 1. HP: 17/17 MP: 0/0
   100 | D:1      | Reached XP level 2. HP: 19/22 MP: 0/0
   276 | D:1      | Reached skill level 3 in Shapeshifting
   413 | D:1      | Reached XP level 3. HP: 27/27 MP: 0/0
   413 | D:1      | Learned a level 1 spell: Necrotise
   831 | D:2      | Reached XP level 4. HP: 18/32 MP: 0/0
   927 | D:2      | Reached skill level 4 in Unarmed Combat
  1490 | D:3      | Found a faded altar of an unknown god.
  1510 | D:3      | HP: 1/32 [orc/+0 hand axe (5)]
  1512 | D:3      | Slain by an orc

Illustrated notes

Levels and vault maps discovered:
D:1:      shiori_arrival_oz, layout_loops_ring, hex_tiny,
          hangedman_feature_mirror, minmay_tromino_mix6
D:2:      layout_basic, serial_undead, serial_undead_b, serial_undead_d,
          serial_undead_a, serial_undead_e, serial_undead_d, serial_undead_c,
          corexii_hall_statues_u, chequers_serial_rivers_small_3,
          minmay_misc_feat_ornament
D:3:      layout_loops_corners, grunt_temple_overflow_champion_of_chaos,
          nemelex_dance_club_becter, serial_shops, shop,
          shapermc_ecumenical_altar_gd

Skill      XL: |  1  2  3  4 |
---------------+-------------+-----
Shapeshifting  | 3 |  3.7
Unarmed Combat | 4 |  4.2
Fighting       | |  1.0
Dodging        | |  2.1

Action                     |  1- 3 |  4- 6 || total
---------------------------+-------+-------++-------
  Melee: Unarmed           |    98 |    73 ||   171
         Punch             |     2 |     1 ||     3
    Use: Scroll            |       |     3 ||     3
 Armour: Animal skin       |    45 |    41 ||    86
  Dodge: Dodged            |    71 |    44 ||   115

Table legend: (Time is in decaauts)
 A = Elapsed time spent in this place.
 B = Non-inter-level travel time spent in this place.
 C = Inter-level travel time spent in this place.
 D = Time resting spent in this place.
 E = Time spent auto-exploring this place.
 F = Levels seen in this place.
 G = Mean time per level.
                   A        B        C        D        E       F      G
               +--------+--------+--------+--------+--------+-----+--------+
         Total |   1499 |   1457 |     42 |    104 |   1013 |   3 |  499.7 |
       Dungeon |   1499 |   1457 |     42 |    104 |   1013 |   3 |  499.7 |
               +--------+--------+--------+--------+--------+-----+--------+

Top non-repeatable levels by time:
     D:1: 779 daAuts
     D:2: 684 daAuts
     D:3: 35 daAuts
